[Event "*** Titled Tuesday Blitz"]
[Site "Chess.com"]
[Date "2018.06.05"]
[Round "2"]
[White "Margency"]
[Black "WPWPWP-2015"]
[Result "1-0"]
[WhiteElo "2582"]
[BlackElo "2298"]
[TimeControl "180+2"]
[EndTime "13:26:30 PDT"]
[Termination "Margency won by resignation"]

1. e4 e5 2. Nf3 Nc6 3. Bc4 Nf6 4. d3 Be7 5. O-O O-O 6. Re1 d6 7. a4 Na5 8. Ba2 c5 9. Nc3 Nc6 10. h3 Be6 11. Nd5 Re8 12. c3 Nb8 13. d4 cxd4 14.
cxd4 Bxd5 15. exd5 e4 16. Ng5 Nbd7 17. Nxe4 Nxe4 18.
Rxe4 Nf6 19. Re3 Rc8 20. Bd2 Bf8 21. Rc3 Qb6 22. Rac1 Rcd8 23. Bg5 Ne4 24. Bxd8 Nxc3 25. Bxb6 Nxd1 26. Rxd1 axb6 27. Kf1 Ra8 28. Bb3 Be7 29. Rc1 Bd8 30. Ke2 Kf8 31. Kd3 Ke7 32. g3 Kd7 33. Bc4 Ke7 34. Re1+ Kf8 35. Bb5 Bf6 36. Rc1 Bd8 37. h4 h5 38. f4 Rb8 39. f5 Ra8 40. b3 Rb8 41. Rc2 Ra8 42. Ke4 Rb8 43. Be2 g6 44. Bd3 Bf6 45. fxg6 fxg6 46. Bb5 Bd8 47. Rf2+ Ke7 48. Kd3 Bc7 49. Re2+ Kf7 50.
Bd7 Rf8 51. Re6 Kg7 52. Be8 Bd8 53. Rxg6+ Kh7 54. Re6 Rf3+ 55. Re3 Rxe3+ 56. Kxe3 Kh6 57. Ke4 Bf6 58. Bd7 Bg7 59. Bc8 Bf6 60. Bxb7 Bg7 61.
Bc6 Bf6 62. Be8 Bg7 63. b4 Bf6 64. a5 bxa5 65. bxa5 Bd8 66. a6 Bb6 67. Bf7 Ba7 68. Kf5 Bxd4 69. Ke6 Bf2 70. Kd7 Kg7 71. Bxh5 Kf6 72.
Bf3 Kf7 73. g4 Kf6 74. g5+ Ke5 75. Kc6 Be3 76. h5 Kf5 77. h6 Kg6 78. Be4+ Kf7 79. g6+ Kg8 80. g7 1-0

[Event "*** Titled Tuesday Blitz"]
[Site "Chess.com"]
[Date "2018.06.05"]
[Round "2"]
[White "AdrianaNikolova"]
[Black "1e41-0"]
[Result "1-0"]
[WhiteElo "2297"]
[BlackElo "2398"]
[TimeControl "180+2"]
[EndTime "13:26:30 PDT"]
[Termination "AdrianaNikolova won by checkmate"]

1. e4 e6 2. d4 d5 3. Nd2 Be7 4. Bd3 c5 5. exd5 exd5 6. dxc5 Nf6 7. Ngf3 O-O 8. O-O Nc6 9. Nb3 a5 10. a4 Nb4 11. Bb5 Bf5 12. Nfd4 Bg6 13. c3 Na6 14. c6 b6 15. Bg5 Nc7 16. Re1 h6 17. Bh4 Re8 18.
Qf3 Be4 19. Qg3 Bd6 20. Qh3 Re5 21. Nd2 g5 22. Bg3 g4 23. Qxh6 Rh5 24. Qe3 Bc5 25.
Nxe4 Nxe4 26. Qf4 Ne6 27. Qxg4+ Rg5 28. Qf4 Nxf4 29. Bxf4 Rg4 30. Be5 Qg5 31. Bg3 Nxg3 32. hxg3 Bxd4 33. cxd4 Rxd4 34. c7 Kg7 35. Rac1 Rc8 36.
Ba6 Rxc7 37. Rxc7 Rd2 38. Ree7 Qf6 39. f4 Rxb2 40. Be2 Rb1+ 41. Kf2 Qd4+ 42. Kf3 Rb3+ 43. Kg4 Qf6 44. Re5 Rb2 45. Bb5 d4 46. Bc4 d3 47. Bxd3 Rb4 48. Rg5+ Kf8 49. Rc8+ Ke7 50.
Rc7+ Kd8 51. Ra7 Qe6+ 52. Bf5 Qe2+ 53. Kh4 Rxf4+ 54. gxf4 Qf2+ 55. Kh5 Qe2+ 56. Bg4 Qe4 57. Rg8+ Qe8 58. Ra8+ Kc7 59. Rgxe8 Kd6 60. Red8+ Kc5 61. Rab8 Kb4 62. Rdc8 Kxa4 63. Bd7+ b5 64. Rxb5 Ka3 65. Rf5 a4 66. Rb8 Ka2 67. Ra5 a3 68. Bf5 f6 69.
Be6+ Ka1 70. Rxa3# 1-0

[Event "*** Titled Tuesday Blitz"]
[Site "Chess.com"]
[Date "2018.06.05"]
[Round "2"]
[White "champ2005"]
[Black "Alexander_Moskalenko"]
[Result "1-0"]
[WhiteElo "2562"]
[BlackElo "2761"]
[TimeControl "180+2"]
[EndTime "13:26:32 PDT"]
[Termination "champ2005 won on time"]

1. e4 d6 2. d4 Nf6 3. Nc3 e5 4.
dxe5 dxe5 5. Qxd8+ Kxd8 6. Bg5 Be6 7. O-O-O+ Nd7 8. f3 c6 9. g3 Kc7 10. Bh3 Bxh3 11. Nxh3 Bc5 12. Rhe1 h6 13. Be3 Rhd8 14. Bxc5 Nxc5 15. Nf2 Ne6 16. Ne2 g6 17. c3 Nc5 18.
Kc2 h5 19. h4 a5 20. Rxd8 Rxd8 21. Rd1 Rb8 22. Nh3 Ne6 23. Nc1 Nd7 24. Nd3 a4 25. a3 b5 26. Nb4 Ndc5 27. Nd3 f6 28. Nxc5 Nxc5 29. Nf2 g5 30. Rh1 Rh8 31. Nd3 Kb6 32. Nxc5 Kxc5 33. Kd3 Rd8+ 34. Ke3 Rg8 35. hxg5 Rxg5 36.
Kf2 Kc4 37. f4 exf4 38. gxf4 Rc5 39. Kf3 Kb3 40. Rh2 Rc4 41. Re2 h4 42. e5 fxe5 43.
fxe5 Rc5 44. e6 Rf5+ 45. Kg4 Rf8 46. Kxh4 c5 47. Kg5 b4 48. axb4 cxb4 49. cxb4 Kxb4 50. e7 Re8 51. Kf6 Rb8 52. e8=Q Rxe8 53. Rxe8 Kb3 54. Rb8+ Ka2 55. Ke5 Kb1 56. Kd4 a3 57. bxa3+ Ka2 58. a4 1-0

[Event "*** Titled Tuesday Blitz"]
[Site "Chess.com"]
[Date "2018.06.05"]
[Round "2"]
[White "blitzcopter"]
[Black "tan275"]
[Result "1-0"]
[WhiteElo "2081"]
[BlackElo "1996"]
[TimeControl "180+2"]
[EndTime "13:26:37 PDT"]
[Termination "blitzcopter won by resignation"]

1. e4 c6 2. Nc3 d5 3. Nf3 Nf6 4. e5 Ne4 5. Ne2 Qb6 6. d4 e6 7. c3 c5 8. g3 Nc6 9. Bg2 cxd4 10. Nexd4 Bc5 11. O-O O-O 12. a3 Bd7 13. b4 Bxd4 14. cxd4 Rac8 15. Be3 a5 16. bxa5 Nxa5 17. Rb1 Qa6 18.
Bd2 Bb5 19. Re1 Nc4 20. Bb4 Ba4 21. Qe2 Rfd8 22. Nh4 Qa7 23. Bxe4 dxe4 24. Bc5 Qa6 25. Qxe4 Nd2 26. Qxb7 Qd3 27. Rbd1 Bxd1 28. Rxd1 Nf3+ 29. Qxf3 Qxd1+ 30. Qxd1 Rxc5 31. Kg2 Rcd5 32. Nf3 g6 33. Qb3 Kg7 34. a4 Ra5 35. Qe3 Rxa4 36. Qg5 Rd5 37.
Qf6+ Kg8 38. Ng5 Ra7 39. Nf3 Rad7 40. h4 h5 41. Kh3 Rb7 42. g4 Rb3 43. gxh5 gxh5 44.
Kg2 Rb7 45. Qg5+ Kf8 46. Qh6+ Ke7 47. Qf6+ Ke8 48. Qh8+ Ke7 49. Qxh5 Rb8 50. Qg5+ Kd7 51. h5 Rh8 52. Qg7 1-0

[Event "*** Titled Tuesday Blitz"]
[Site "Chess.com"]
[Date "2018.06.05"]
[Round "2"]
[White "Fandorine"]
[Black "milovanratkovic"]
[Result "0-1"]
[WhiteElo "2709"]
[BlackElo "2546"]
[TimeControl "180+2"]
[EndTime "13:26:38 PDT"]
[Termination "milovanratkovic won by resignation"]

1. e4 c6 2. d4 d5 3. e5 Bf5 4.
Nd2 e6 5. Nb3 Nd7 6. Nf3 Bg6 7.
Be2 Nh6 8. c3 Nf5 9. h4 Bh5 10. g3 Be7 11. Bf4 Rc8 12. O-O Bxf3 13. Bxf3 g5 14. hxg5 Bxg5 15. Qd2 Rg8 16. Bg4 Bxf4 17.
Qxf4 Qg5 18. Qxg5 Rxg5 19. Bxf5 Rxf5 20. f4 Ke7 21. Kf2 h5 22. Rh1 f6 23. Rae1 fxe5 24. dxe5 c5 25. Rh4 Rcf8 26. Kg2 Rg8 27. Kh3 b6 28. c4 Nf8 29. Nd2 Ng6 30. Nf3 dxc4 31. Kh2 Nxh4 32. Nxh4 Rf7 33. Rd1 Rfg7 34. f5 Rxg3 35. f6+ Ke8 36. Rd6 R3g4 37. Rxe6+ Kd7 38. Rd6+ Kc7 39. Nf5 R4g5 40. f7 Rf8 41. Rf6 Rxf5 42.
Rxf5 Kd7 43. Kg3 Ke6 44. Rxh5 Rxf7 45. Rh4 Kxe5 46. Rxc4 Kd5 47. Rc2 c4 48. Rd2+ Kc5 49. a3 b5 50. Rd8 a5 51. Rc8+ Kb6 52. Rb8+ Ka6 53. Kg2 Rb7 54. Ra8+ Kb6 55. Kf3 b4 56. axb4 axb4 57. Ke3 Rd7 58. Rc8 Kb5 59. Ke2 Rd4 60. Ra8 Rd3 61. Rb8+ Ka4 0-1

[Event "*** Titled Tuesday Blitz"]
[Site "Chess.com"]
[Date "2018.06.05"]
[Round "2"]
[White "Arystanner23"]
[Black "Terrordelcaribe94"]
[Result "1-0"]
[WhiteElo "2624"]
[BlackElo "2345"]
[TimeControl "180+2"]
[EndTime "13:26:43 PDT"]
[Termination "Arystanner23 won by resignation"]

1. e4 e6 2. d4 d5 3. Nd2 Nc6 4.
Ngf3 Nf6 5. e5 Nd7 6. Be2 f6 7. exf6 Qxf6 8. Nf1 Bd6 9. Ng3 O-O 10. O-O b6 11. c4 Bb7 12. cxd5 exd5 13. Bg5 Qf7 14.
Be3 Nf6 15. Bd3 Rae8 16. Rc1 Nb4 17. Bb1 Ne4 18. a3 Na6 19. b4 Nb8 20. Nxe4 dxe4 21. Ng5 Qg6 22. d5 h6 23. Ne6 Rf7 24. Re1 Nd7 25.
Nxc7 Re5 26. Ba2 Nf6 27. Nb5 Ne8 28. Nxd6 Nxd6 29. Rc6 Kh7 30. Rc3 Nf5 31. Bf4 Re8 32. d6 Rd7 33. Rc7 e3 34. f3 e2 35. Qd3 Red8 36.
Rxd7 Rxd7 37. Bb1 Nh4 38. Qxg6+ Nxg6 39. Rxe2 Bd5 40. h4 h5 41. Re5 Bf7 42. Rxh5+ Kg8 43.
Bg3 Nf4 44. Re5 Ne6 45. Re3 Nd4 46. Bd3 Bd5 47. Ba6 Kf7 48. Bc8 Rd8 49. Bg4 Be6 50. Re4 Bxg4 51. Rxd4 Bd7 52. Bf4 Re8 53. Kf2 Rc8 54.
g4 Rc3 55. Re4 Be6 56. h5 Rxa3 57. g5 Bf5 58. Re7+ Kf8 59. h6 gxh6 60. gxh6 Rd3 61. h7 Bxh7 62. Rxh7 a5 63. bxa5 bxa5 64. Ra7 a4 65. d7 Ke7 66. Bg5+ Ke6 67. d8=Q a3 68.
Qxd3 1-0

[Event "*** Titled Tuesday Blitz"]
[Site "Chess.com"]
[Date "2018.06.05"]
[Round "2"]
[White "talento10"]
[Black "ChrisTool2"]
[Result "0-1"]
[WhiteElo "2161"]
[BlackElo "2232"]
[TimeControl "180+2"]
[EndTime "13:26:45 PDT"]
[Termination "ChrisTool2 won by resignation"]

1. e4 c5 2. Nf3 e6 3. d4 cxd4 4. Nxd4 a6 5. Nc3 Qc7 6. Be3 Bb4 7. Ne2 Nf6 8. a3 Ba5 9. b4 Bb6 10. Bxb6 Qxb6 11. Qd2 Nc6 12. Qd6 Ng8 13. g3 Nge7 14. Bg2 O-O 15. O-O f5 16. Rad1 fxe4 17. Nxe4 Qb5 18.
N2c3 Qe5 19. f4 Qxd6 20. Nxd6 Nf5 21. Nxf5 Rxf5 22. Na4 d5 23. Nb6 Rb8 24. Bh3 Rf6 25.
Rfe1 Kf7 26. Nxc8 Rxc8 27. Rxd5 Ne7 28. Rde5 Rxc2 29. Bxe6+ Kg6 30. Rg5+ Kh6 31. Bg4 Nc6 32.
Be6 Nd4 33. Bg4 g6 34. Rge5 Rd6 35. R5e3 Nb5 36. h4 Rdd2 37. a4 Nd4 38. h5 Rg2+ 39.
Kh1 Nf5 40. Bxf5 gxf5 41. Re6+ Kxh5 42. Re7 Rh2+ 43. Kg1 Rhg2+ 44. Kh1 Rh2+ 45. Kg1 Kg4 46. Rg7+ Kf3 47. Rf1+ Ke4 48. Re1+ Kd3 49. Rd7+ Kc4 50. Rxb7 Rcg2+ 51. Kf1 Rf2+ 52. Kg1 Rfg2+ 53. Kf1 Rf2+ 54. Kg1 Rfg2+ 55. Kf1 Rxg3 56. Rc1+ Kb3 57. Rbc7 Kxb4 58.
R7c4+ Kb3 59. Rc8 Rgg2 60. a5 Kb4 61. Rb8+ Kxa5 62. Rc5+ Ka4 63. Rxf5 Rf2+ 64. Kg1 Rfg2+ 65. Kf1 Rb2 66. Re8 Rb1+ 67. Re1 Rh1+ 0-1

[Event "*** Titled Tuesday Blitz"]
[Site "Chess.com"]
[Date "2018.06.05"]
[Round "2"]
[White "Dedic8"]
[Black "Sanan_Sjugirov"]
[Result "0-1"]
[WhiteElo "2636"]
[BlackElo "2716"]
[TimeControl "180+2"]
[EndTime "13:26:46 PDT"]
[Termination "Sanan_Sjugirov won by resignation"]

1. e4 c5 2. Nf3 Nc6 3. d4 cxd4 4. Nxd4 e5 5. Nb5 a6 6. Nd6+ Bxd6 7. Qxd6 Qe7 8. Qd1 Nf6 9. Nc3 d6 10. Be3 Be6 11. Be2 O-O 12. O-O Rac8 13. Nd5 Bxd5 14. exd5 Nb8 15. c4 Nbd7 16. b4 h6 17. Rc1 b6 18. f4 exf4 19. Bxf4 Ne5 20. Qd4 Nfd7 21. Bg3 f5 22. Bd3 Qg5 23. Bf4 Qh5 24. Rce1 Rce8 25. h3 Qg6 26. Kh2 Qf6 27. Bxe5 Nxe5 28. Qe3 Ng4+ 29. hxg4 Rxe3 30. Rxe3 f4 31. Re6 Qh4+ 32.
Kg1 Qxg4 33. Be4 f3 34. Bxf3 Qxc4 35. Rxd6 Qd4+ 36. Kh1 Qh4+ 37. Kg1 Qxb4 38. Rc6 Qd4+ 39. Rf2 a5 40. Rc1 Rf6 41. Rd1 Qc5 42. Kf1 g5 43. g4 Kg7 44. Kg2 h5 45. Rfd2 h4 46. Be4 Qe3 47.
Bf5 Qg3+ 48. Kh1 Qh3+ 49. Kg1 Qg3+ 50. Kh1 Qf3+ 51. Kg1 Rd6 52. Re1 Qg3+ 53. Kf1 h3 54. Re7+ Kf8 55. Rh7 Qf3+ 56. Ke1 Qe3+ 57. Kd1 Qf3+ 58.
Kc1 Rxd5 59. Rxd5 Qxd5 60. Rxh3 Qxa2 61. Rd3 b5 62. Rd7 b4 0-1

[Event "*** Titled Tuesday Blitz"]
[Site "Chess.com"]
[Date "2018.06.05"]
[Round "2"]
[White "Firouzja2003"]
[Black "comedy_of_errors"]
[Result "1-0"]
[WhiteElo "2949"]
[BlackElo "2583"]
[TimeControl "180+2"]
[EndTime "13:26:54 PDT"]
[Termination "Firouzja2003 won by resignation"]

1. e4 e6 2. d4 d5 3. Nd2 dxe4 4. Nxe4 Bd7 5. Nf3 Bc6 6. Bd3 Nd7 7. c3 Ngf6 8.
Nxf6+ Nxf6 9. Bf4 Bxf3 10. Qxf3 c6 11. O-O Be7 12. a4 a5 13. Rfe1 O-O 14. Qh3 Re8 15. Re3 g6 16. Be5 Bd6 17. Rf3 Bxe5 18. dxe5 Nh5 19. g4 Ng7 20. Qh6 Qd5 21. Re3 Rad8 22.
Rae1 Qxd3 23. Rxd3 Rxd3 24. Re3 Red8 25. Rxd3 Rxd3 26.
Kg2 Ne8 27. Qg5 Rd7 28. h4 Kg7 29. h5 h6 30. Qe3 gxh5 31. gxh5 Nc7 32. c4 Na6 33. Qb6 Nb4 34. Qxa5 Nd3 35. b4 Nf4+ 36. Kf3 Nxh5 37. b5 Rd3+ 38. Kg4 Kg6 39. Qa8 f5+ 40. exf6 Nxf6+ 41. Kf4 Rd4+ 42. Kf3 Rxc4 43. Qxb7 cxb5 44. Qxb5 Rc3+ 45. Kg2 Nd5 46. Qb8 h5 47. a5 h4 48.
a6 h3+ 49. Kh2 Kf5 50. a7 Nc7 51. a8=Q Nxa8 52. Qxa8 Rd3 53. Qf8+ Ke5 54. Qg7+ Kd5 55. Qg6 Rc3 56. Qg5+ e5 57. Qd2+ Kc4 58. Qe2+ Kd4 59.
f3 Re3 60. Qd2+ Rd3 61. Qb4+ Ke3 62. Qe4+ Kd2 63. Kxh3 Re3 64. Qd5+ Ke2 65. Kg4 Kf2 66. Qc5 Ke2 67. Qc2+ Ke1 68. Kg3 e4 69. Qf2+ 1-0

[Event "*** Titled Tuesday Blitz"]
[Site "Chess.com"]
[Date "2018.06.05"]
[Round "2"]
[White "Bryakin_Mikhail"]
[Black "Next_Touch"]
[Result "1-0"]
[WhiteElo "2654"]
[BlackElo "2696"]
[TimeControl "180+2"]
[EndTime "13:27:01 PDT"]
[Termination "Bryakin_Mikhail won by resignation"]

1. d4 Nf6 2. c4 e6 3. g3 d5 4. Bg2 Bb4+ 5. Bd2 Be7 6. Qc2 O-O 7. Nf3 c6 8. O-O Nbd7 9. Rd1 Ne4 10.
Nc3 f5 11. Rac1 Bd6 12. Bf4 Be7 13. Ne5 g5 14. Nxd7 Bxd7 15. Be5 g4 16. f3 Nd6 17.
Bxd6 Bxd6 18. c5 gxf3 19. exf3 Bc7 20. f4 b6 21. b4 a5 22. a3 axb4 23. axb4 bxc5 24.
bxc5 Qf6 25. Kh1 h5 26. Ne2 h4 27. Ng1 hxg3 28. hxg3 Kf7 29. Nf3 Rh8+ 30. Kg1 Rag8 31. Kf2 Rg7 32. Rd3 Rhg8 33. Ne5+ Bxe5 34. dxe5 Qd8 35. Qc3 Bc8 36. Ra1 Kf8 37. Qa5 Qxa5 38. Rxa5 Rb7 39. Bf3 Ke7 40. Be2 Bd7 41. Rda3 Rgb8 42. Ra7 Rxa7 43. Rxa7 Rb2 44. Ke3 Rb3+ 45. Bd3 Rb4 46. Ra8 Be8 47. Ra7+ Bd7 48. Ra8 Be8 49. Ra7+ Bd7 50. Ra1 Rb8 51. Rh1 Rg8 52. Rh7+ Kd8 53. Kf2 Kc7 54. Be2 Ra8 55. g4 fxg4 56. Bxg4 Re8 57.
Ke3 Kd8 58. Rh6 Rg8 59. Bxe6 Rg3+ 60. Kf2 Rc3 61. Bxd7 Kxd7 62. Rd6+ Kc7 63. f5 Rxc5 64. f6 Ra5 65. Ke3 Ra8 66. Kf4 Re8 67. Kf5 Rh8 68.
f7 Rf8 69. Kf6 1-0

[Event "*** Titled Tuesday Blitz"]
[Site "Chess.com"]
[Date "2018.06.05"]
[Round "2"]
[White "GameOverBro"]
[Black "florianschwabeneder"]
[Result "0-1"]
[WhiteElo "2392"]
[BlackElo "2381"]
[TimeControl "180+2"]
[EndTime "13:27:07 PDT"]
[Termination "florianschwabeneder won by resignation"]

1. e4 e5 2. Nf3 Nc6 3. Bb5 a6 4. Ba4 g6 5. O-O Bg7 6. c3 d6 7. h3 Nf6 8. Bxc6+ bxc6 9. d4 exd4 10. cxd4 O-O 11. Nc3 Re8 12. Re1 Nd7 13. Bg5 Bf6 14. Qd2 Bxg5 15. Nxg5 c5 16. f4 cxd4 17. Qxd4 Nc5 18.
Rad1 Ne6 19. Qd5 Rb8 20. Nxf7 Kxf7 21. f5 Kg7 22. fxe6 Bxe6 23. Qd4+ Qf6 24. b3 Qxd4+ 25. Rxd4 a5 26. Kf2 Rb4 27. Red1 Reb8 28. Ke3 Kf6 29.
Nd5+ Bxd5 30. Rf1+ Ke7 31. Rxd5 a4 32. bxa4 Rxa4 33.
Rd2 Rbb4 34. Rf4 Ra3+ 35. Rd3 Rxa2 36. Rc3 c5 37. g4 Raa4 38. g5 Ke6 39. Rd3 Ra6 40.
Rf6+ Ke7 41. e5 Rbb6 42. e6 d5 43.
Rxd5 Rxe6+ 44. Rxe6+ Rxe6+ 45. Kf4 Rc6 46. Rd3 c4 47.
Re3+ Kd6 48. Rc3 Kd5 49. Ke3 Re6+ 50. Kd2 Kd4 51. Ra3 Re5 52. h4 Rf5 53. Ra7 Rf2+ 54.
Ke1 Rh2 55. Rxh7 c3 56. h5 c2 57. Rc7 gxh5 58. g6 Kd3 59. Rd7+ Kc3 60. Rc7+ Kb2 61.
Rb7+ Kc1 62. g7 Rg2 63. Kf1 Rg6 64. Ke2 h4 65. Kd3 h3 66. Rc7 Rg3+ 67. Ke2 h2 68. g8=Q Rxg8 69. Rh7 Re8+ 70. Kd3 Kd1 71. Rxh2 c1=Q 72. Rh1+ Re1 0-1

[Event "*** Titled Tuesday Blitz"]
[Site "Chess.com"]
[Date "2018.06.05"]
[Round "2"]
[White "ChessWarrior7197"]
[Black "Anahita_Gholami"]
[Result "0-1"]
[WhiteElo "2677"]
[BlackElo "2517"]
[TimeControl "180+2"]
[EndTime "13:27:16 PDT"]
[Termination "Anahita_Gholami won by resignation"]

1. e4 e5 2. Nf3 Nc6 3. Bb5 a6 4.
Ba4 Nf6 5. O-O b5 6. Bb3 Bc5 7. d3 d6 8. h3 O-O 9. a4 Rb8 10.
axb5 axb5 11. Be3 Bb6 12. Nc3 Ne7 13. d4 Ng6 14. Re1 c6 15. Qd3 Qe7 16. dxe5 Nxe5 17. Nxe5 dxe5 18. Bxb6 Rxb6 19. Qe3 Rb7 20. Ra8 Be6 21.
Rxf8+ Kxf8 22. Bxe6 Qxe6 23. Qc5+ Kg8 24. Ra1 h6 25. Ra6 b4 26. Rxc6 Qd7 27. Nd5 Nxe4 28. Qc4 Nd6 29. Qa6 Nf5 30. Rc5 Ra7 31. Qc8+ Qxc8 32. Rxc8+ Kh7 33. Nxb4 Ra1+ 34. Kh2 Rb1 35. b3 f6 36. Nd5 Rf1 37. b4 Rb1 38. c3 h5 39. Ne3 Nd6 40. Rc6 Ne4 41. f3 Nf2 42. Kg3 Nd3 43. Rc7 Nf4 44. Nf5 Kg6 45. Nh4+ Kh6 46. Nf5+ Kg6 47. Ne3 Rb2 48. Kh2 Re2 49. Nf1 Rxg2+ 50. Kh1 Rf2 51. Ng3 Rxf3 52. Ne4 Rxh3+ 53. Kg1 Re3 54. Nd6 Rxc3 55. Rxc3 Ne2+ 56. Kf2 Nxc3 57. b5 Nd5 58. Nc4 h4 59. Kf3 Kf5 60. Nd6+ Ke6 61. Nc4 g5 62. b6 Nxb6 63. Nxb6 f5 64.
Nc4 g4+ 65. Ke3 h3 66. Kf2 f4 67. Nd2 Kf5 68. Nf1 e4 69. Kg1 g3 70. Nd2 f3 71.
Nf1 Kf4 72. Nh2 gxh2+ 73. Kh1 e3 74. Kxh2 e2 0-1

[Event "*** Titled Tuesday Blitz"]
[Site "Chess.com"]
[Date "2018.06.05"]
[Round "2"]
[White "Hollywood_Chess"]
[Black "savinspm"]
[Result "0-1"]
[WhiteElo "2213"]
[BlackElo "2129"]
[TimeControl "180+2"]
[EndTime "13:27:16 PDT"]
[Termination "savinspm won by checkmate"]

1. d4 Nf6 2. c4 e6 3. Nc3 Bb4 4.
e3 b6 5. Ne2 Bb7 6. a3 Bxc3+ 7.
Nxc3 O-O 8. Bd3 c5 9. O-O d6 10. b4 Qe7 11. Bb2 Nbd7 12. Rc1 Rfc8 13. Qe2 h6 14. Rfd1 e5 15. bxc5 dxc5 16. d5 e4 17. Bb1 Nf8 18. a4 Ng6 19. d6 Qe6 20. Rd2 Re8 21. Rcd1 Bc6 22. Nb5 Bxb5 23. axb5 Nd7 24.
Rd5 a5 25. bxa6 Rxa6 26. Bc3 f5 27. Qb2 Qf7 28. Bc2 Nh4 29. Kh1 Qg6 30. Rg1 Rea8 31. Bb3 Ra1 32. Qxa1 Rxa1 33. Bxa1 Qe6 34. Rd2 b5 35.
Rc2 b4 36. Rd2 Kh7 37. Bb2 Ng6 38. Ra1 Nge5 39. Bxe5 Qxe5 40. Ra7 Qc3 41. Rd1 Qxb3 42. Rf1 Qxc4 43. Kg1 Qe6 44. Rc1 c4 45. Rb7 b3 46. h3 h5 47. Rb4 Qxd6 48. Rcxc4 Nc5 49. Rb5 Nd3 50. Rxb3 Qd5 51. Rbc3 Qa5 52. Rc2 Qa1+ 53. Kh2 Qe1 54. Rc7 Nxf2 55. Rf7 Kg6 56. Rcc7 Qxe3 57. Rxg7+ Kf6 58. Rgf7+ Ke5 59. Rce7+ Kf4 60. Rg7 Nd3 61. Ref7 Qf2 62. Rg6 Ke3 63. Rg3+ Ke2 64. Rg5 f4 65. Re7 e3 66. Ra5 Qh4 67. Ra2+ Kf1 68. Ra1+ Ne1 69.
Rg7 Qf2 70. h4 f3 71. Kh3 fxg2 72. Rxe1+ Qxe1 73. Rxg2 Qc3 74. Rg3 Qe5 75. Rf3+ Ke2 76. Rf2+ exf2 77. Kg2 f1=Q# 0-1

[Event "*** Titled Tuesday Blitz"]
[Site "Chess.com"]
[Date "2018.06.05"]
[Round "2"]
[White "maciek_92"]
[Black "dretch"]
[Result "0-1"]
[WhiteElo "2621"]
[BlackElo "2755"]
[TimeControl "180+2"]
[EndTime "13:27:25 PDT"]
[Termination "dretch won by resignation"]

1. c4 c6 2. Nf3 d5 3. b3 Bg4 4. Bb2 Bxf3 5. gxf3 e6 6. Rg1 Nf6 7. Qc2 Nbd7 8. e3 g6 9. Nc3 Bg7 10. Ba3 d4 11. exd4 Qb6 12. Qd3 O-O-O 13. Bd6 e5 14.
c5 Qb4 15. a3 Qxd4 16. b4 Ne8 17. Be7 Qxd3 18. Bxd3 Nxc5 19. Bc4 Nd3+ 20. Kf1 Rd7 21. Bg5 b5 22. Bb3 Nc7 23. Be3 Kb7 24. a4 a6 25.
axb5 cxb5 26. Ne4 f5 27. Nc5+ Nxc5 28. Bxc5 e4 29. Rc1 exf3 30. Rg3 Rxd2 31. Rxf3 Re8 32. Be3 Rd7 33. Bf4 Be5 34. Re3 Bxf4 35. Rxc7+ Bxc7 36. Rxe8 Bxh2 37. Kg2 Bd6 38. Be6 Re7 39. Bd5+ Kb6 40.
Rc8 Bxb4 41. Rc6+ Ka7 42. Kf3 Rd7 43. Bg8 Kb7 44. Rc2 Rc7 45. Re2 Bc5 46. Kf4 Bd6+ 47. Kg5 a5 48. Bd5+ Kb6 49. Re6 Kc5 50. Bf3 a4 51.
Re2 Be7+ 52. Kh6 Bf8+ 53. Kg5 a3 54. Rc2+ Kb6 55. Re2 Be7+ 56. Kh6 Bc5 57. Bd5 Re7 58. Rc2 Rd7 59. Ba2 Rc7 60. Re2 Bf8+ 61. Kg5 Bg7 62. f4 Bb2 63. Re6+ Ka5 64. Re2 Bc1 65. Re8 Rc2 66.
Bg8 Rg2+ 67. Kf6 Bxf4 68. Ra8+ Kb4 69. Bxh7 Bd2 70. Bg8 Bc3+ 71. Ke7 f4 72. Kd6 f3 73. Bd5 Rd2 74. Kc6 Rxd5 75. Kxd5 f2 76. Rf8 a2 77. Rf4+ Kb3 78. Rxf2 a1=Q 79. Rf4 0-1

[Event "*** Titled Tuesday Blitz"]
[Site "Chess.com"]
[Date "2018.06.05"]
[Round "2"]
[White "Durarbayli"]
[Black "enriquetejedor"]
[Result "0-1"]
[WhiteElo "2657"]
[BlackElo "2564"]
[TimeControl "180+2"]
[EndTime "13:27:25 PDT"]
[Termination "enriquetejedor won by checkmate"]

1. e4 e6 2. d4 d5 3. e5 c5 4. c3 Nc6 5. Nf3 f6 6. Bd3 Qb6 7. O-O Bd7 8. a4 c4 9. Bc2 fxe5 10. Nxe5 Nxe5 11. dxe5 Ne7 12. a5 Qc7 13. Re1 g6 14. Bf4 Bg7 15. Nd2 O-O 16. Qg4 Rf7 17. Nf3 Raf8 18. Bg3 Nf5 19. Ng5 Re7 20. Bxf5 exf5 21. Qd4 Bc6 22. f4 a6 23. Bf2 Rfe8 24. h4 h6 25. Nf3 Kh7 26. Qd2 h5 27. Bb6 Qc8 28.
Qd4 Kh8 29. Kf2 Qe6 30. g3 Bh6 31. Rad1 Kh7 32. Qc5 Qc8 33. Qd4 Ba4 34. Rd2 Bc6 35. Re3 Qe6 36. Bc5 Rg7 37. Bb4 Qc8 38. Rde2 Re6 39.
Qc5 Rf7 40. Nd4 Bg7 41. Nf3 Bh6 42. Rd2 Rd7 43. Nd4 Rd8 44. Nxe6 Qxe6 45. Qb6 Rd7 46. Rd4 Bg7 47. Qa7 Ba4 48. Re2 Bc6 49. Red2 Bh6 50. Qb8 Bg7 51. Qc8 Qf7 52. Qb8 Qe6 53. Qa7 Qf7 54.
Qb6 Qe6 55. Bc5 Qf7 56. Re2 Qe6 57. Rdd2 Bh6 58. Rd4 Bg7 59. Red2 Bh6 60. b3 cxb3 61. Qxb3 Rc7 62. Qb6 Rc8 63. c4 dxc4 64. Rd6 Qe8 65.
e6 c3 66. Rc2 Bf8 67. Rd3 Qxe6 68. Bxf8 Qe4 69. Rcxc3 Qg2+ 70. Ke3 Re8+ 71. Kd4 Qd5# 0-1

[Event "*** Titled Tuesday Blitz"]
[Site "Chess.com"]
[Date "2018.06.05"]
[Round "2"]
[White "Supernotar"]
[Black "Litti"]
[Result "1/2-1/2"]
[WhiteElo "2422"]
[BlackElo "2302"]
[TimeControl "180+2"]
[EndTime "13:27:26 PDT"]
[Termination "Game drawn - insufficient material"]

1. d4 Nf6 2. c4 e6 3. Nf3 b6 4. g3 Ba6 5. b3 b5 6. Nbd2 bxc4 7.
bxc4 c5 8. Bg2 Bb7 9. O-O cxd4 10.
Nxd4 Bxg2 11. Kxg2 Be7 12. Bb2 O-O 13. Rc1 d5 14.
N4f3 Nbd7 15. cxd5 Nxd5 16. Nb3 Rc8 17. Qd4 Bf6 18.
Qd2 Bxb2 19. Qxb2 Qb6 20. Rxc8 Rxc8 21. Rc1 Qb7 22. Kg1 h6 23. h4 N7f6 24. Rc2 Rxc2 25. Qxc2 Qb6 26. e3 Qb7 27. Ne5 Nb4 28. Qd2 Ne4 29.
Qd8+ Kh7 30. Na5 Qb6 31. Qxb6 axb6 32. Nac4 b5 33. Na3 Nxa2 34. Nxb5 f6 35. Nc6 e5 36.
Kg2 Nac3 37. Nxc3 Nxc3 38. Kf1 Nb5 39. h5 Kg8 40. Ne7+ Kf7 41. Nf5 Nc7 42. Ke2 Nd5 43. e4 Nc7 44. Kd3 Ne6 45. Kc4 Ng5 46. Kd3 Ne6 47.
Ke3 Ng5 48. f3 Ne6 49. Kd3 Ng5 50. Ke3 Ne6 51. f4 exf4+ 52. gxf4 Nc5 53. Kd4 Ne6+ 54.
Ke3 Nc5 55. Nd6+ Ke6 56. Ne8 Kf7 57. Nc7 g6 58. hxg6+ Kxg6 59. f5+ Kf7 60. Kf4 h5 61. Nd5 h4 62. Nc3 Ke7 63. Nd5+ Kf7 64. Nc3 Ke7 65. Kg4 Kd6 66. Kxh4 Ke5 67. Kg4 Nxe4 68. Ne2 Nf2+ 69. Kf3 Nd3 70. Ng3 Ne1+ 71. Kg4 Nc2 72. Kh5 Ne3 73.
Kg6 Nxf5 74. Nxf5 Ke4 75. Kxf6 1/2-1/2

[Event "*** Titled Tuesday Blitz"]
[Site "Chess.com"]
[Date "2018.06.05"]
[Round "2"]
[White "RamonManon0g"]
[Black "dlp300"]
[Result "1-0"]
[WhiteElo "2288"]
[BlackElo "2391"]
[TimeControl "180+2"]
[EndTime "13:27:31 PDT"]
[Termination "RamonManon0g won by resignation"]

1. d4 Nf6 2. Bg5 Ne4 3. Bf4 c5 4. d5 Qb6 5. Nd2 Nxd2 6. Bxd2 Qxb2 7. e4 Qb6 8. Rb1 Qc7 9. Bc3 e5 10. dxe6 dxe6 11. Nf3 Nc6 12. Bb5 Bd7 13. O-O Rd8 14. Qd2 f6 15. e5 Nxe5 16. Bxe5 fxe5 17. Qg5 Bxb5 18. Rxb5 Bd6 19. Qh5+ g6 20. Qh6 b6 21. Ng5 Qe7 22. Rb3 Kd7 23. Rd1 Kc8 24. Rf3 Rdf8 25. Rfd3 Bc7 26. Rd7 Qxd7 27. Rxd7 Kxd7 28. Qg7+ Kd6 29.
Ne4+ Kc6 30. f3 Rd8 31. c4 a6 32. a4 Rb8 33. Qf7 Rhe8 34. Nf6 Red8 35. Qxe6+ Rd6 36.
Qf7 Rd1+ 37. Kf2 Rd2+ 38. Ke3 Rd4 39. Nd5 Bd8 40. Qe6+ Kb7 41. Qd7+ Ka8 42. Qc6+ Ka7 43. Qd7+ Ka8 44. Qd6 Rxc4 45. a5 Ka7 46. Qd7+ Ka8 47. Qc6+ Ka7 48. Kd3 Rd4+ 49. Ke2 bxa5 50. Qxc5+ Ka8 51.
Qc6+ Ka7 52. Qd6 Rb2+ 53. Ke1 Rb5 54. Qd7+ Rb7 55. Qxd8 a4 56. Qd6 Rc4 57. Ne3 Rcb4 58. Qc5+ Ka8 59. Nd5 Rb1+ 60. Kf2 R1b2+ 61. Kg3 a3 62.
Qxa3 R2b5 63. Qxa6+ Kb8 64. Qd6+ Ka7 65. Qxe5 1-0